 Dungeon Crawl Stone Soup version 0.25-a0-731-g0472a16 (webtiles) character file.

Game seed: 16498366226469223658, levelgen mode: deterministic

338 Hazorath the Cutter (level 6, 0/49 HPs)
             Began as a Demonspawn Fighter on Apr 8, 2020.
             Slain by an ogre
             ... wielding a +0 giant club
              (17 damage)
             ... on level 4 of the Dungeon.
             The game lasted 00:07:57 (3217 turns).

Hazorath the Cutter (Demonspawn Fighter)            Turns: 3217, Time: 00:07:58

Health: 0/49       AC: 11    Str: 17    XL:     6   Next: 29%
Magic:  6/6        EV:  8    Int: 10    God:
Gold:   100        SH:  0    Dex: 13    Spells: 5/5 levels left

rFire    . . .     SeeInvis .   a - +0 rapier
rCold    + . .     Gourm    .   (no shield)
rNeg     . . .     Faith    .   i - +0 chain mail
rPois    .         Spirit   .   (helmet restricted)
rElec    .         Reflect  .   p - +0 cloak (curse)
rCorr    +         Harm     .   k - +0 pair of gloves
MR       .....                  (no boots)
Stlth    ..........             (no amulet)
HPRegen  0.16/turn              o - ring of resist corrosion
MPRegen  0.10/turn              (no ring)

@: no status effects
A: horns 1, cold resistance 1, sturdy frame 1
a: no special abilities


You were on level 4 of the Dungeon.
You were not hungry.

You visited 1 branch of the dungeon, and saw 4 of its levels.

You collected 100 gold pieces.

Inventory:

Hand Weapons
 a - a +0 rapier (weapon)
Armour
 c - a +0 kite shield
 i - a +0 chain mail (worn)
 k - a +0 pair of gloves (worn)
 p - a cursed +0 cloak (worn)
Jewellery
 o - a ring of resist corrosion (left hand)
Wands
 l - a wand of enslavement (8)
Scrolls
 g - a scroll of blinking
 j - 3 scrolls of fear
Potions
 b - a potion of haste
 d - 2 potions of might
 e - a potion of brilliance
 h - a potion of resistance
 m - a potion of curing
 n - a potion of berserk rage {unknown}
Comestibles
 f - 3 rations


   Skills:
 + Level 4.3 Fighting
 * Level 4.4 Short Blades
 + Level 3.9 Armour
 - Level 2.6 Shields


You had 5 spell levels left.
You didn't know any spells.
Your spell library was empty.

Dungeon Overview and Level Annotations

Branches:
Dungeon (4/15)
 Temple: D:4-7

Altars:
Makhleb
Xom
Yredelemnul
The Shining One


Innate Abilities, Weirdness & Mutations

You have a pair of small horns on your head.
Your flesh is cold resistant. (rC+)
Your movements are slightly less encumbered by armour. (ER -2)


Message History

The ogre hits you with a +0 giant club.
You feel very mighty all of a sudden. The ogre hits you with a +0 giant club!
You completely miss the ogre. Your headbutt misses the ogre.
The ogre is lightly wounded.
The ogre barely misses you.
You hit the ogre.
The ogre is moderately wounded.
You hit the ogre. Your headbutt misses the ogre.
The ogre is heavily wounded.
The ogre hits you with a +0 giant club!
* * * LOW HITPOINT WARNING * * *
Okay, then.
The ogre hits you but does no damage.
You feel a little less mighty now.
There is an open door here.
There is an open door here.
There is a stone staircase leading down here.
The ogre hits you with a +0 giant club!
You die...

###......######.###.#
#.+......### #.....#
#.#^.....#.# #..##.#
#.#.....†#.####..##.#
#.#......#.#........##
#.######.............# #.#
#.#'####..##..#
#.######......#..##...
#....@........#.......
#...O.##......#..##..#
##..#.##.#+####..##..#
##########..#.................
#........#..#.##.........#....
#........#..#.##.#...###......
# #........#>.#......###
#...... # #........'.......#.#
#...... # #........##.####...#
##.....


You could see an ogre.

Vanquished Creatures
  A crimson imp (D:3)
  An orc wizard (D:4)
  Terence (D:3)
  Natasha (thrice) (D:3)
  10 adders
  2 dart slugs
  2 leopard geckos
  5 orcs
  3 giant cockroaches
  6 goblins
  5 hobgoblins
  9 jackals
  8 kobolds
  8 ball pythons
  8 bats
  5 frilled lizards
  6 rats
83 creatures vanquished.

Vanquished Creatures (others)
  A quokka (D:3)
1 creature vanquished.

Grand Total: 84 creatures vanquished

Notes
Turn   | Place    | Note
-------+----------+-------------------------------------------
     0 | D:1      | Hazorath the Demonspawn Fighter began the quest for the
                  | Orb.
     0 | D:1      | Reached XP level 1. HP: 18/18 MP: 1/1
   174 | D:1      | Gained mutation: You have a pair of small horns on your
                  | head. [demonic ancestry]
   174 | D:1      | Reached XP level 2. HP: 23/24 MP: 2/2
   647 | D:2      | Reached XP level 3. HP: 24/29 MP: 3/3
  1567 | D:3      | Gained mutation: Your movements are slightly less
                  | encumbered by armour. (ER -2) [demonic ancestry]
  1567 | D:3      | Reached XP level 4. HP: 35/35 MP: 4/4
  1575 | D:3      | Noticed Natasha
  1587 | D:3      | Killed Natasha
  1603 | D:3      | Noticed Terence
  1605 | D:3      | Noticed Natasha
  1615 | D:3      | Killed Terence
  1621 | D:3      | Killed Natasha
  1621 | D:3      | Reached XP level 5. HP: 25/42 MP: 5/5
  2170 | D:3      | Found a burning altar of Makhleb.
  2171 | D:3      | Found a shimmering altar of Xom.
  2451 | D:3      | Noticed Natasha
  2460 | D:3      | Killed Natasha
  2460 | D:3      | Gained mutation: Your flesh is cold resistant. (rC+)
                  | [demonic ancestry]
  2460 | D:3      | Reached XP level 6. HP: 41/48 MP: 6/6
  2716 | D:3      | Found a glowing golden altar of the Shining One.
  2719 | D:3      | Found a basalt altar of Yredelemnul.
  2722 | D:3      | Noticed a profane servitor
  3217 | D:4      | Slain by an ogre

Levels and vault maps discovered:
D:1:      eino_arrival_cavern_b, layout_loops_ring, chequers_jeans
D:2:      layout_basic
D:3:      layout_loops_ring, grunt_temple_overflow_champion_of_chaos,
          grunt_temple_overflow_holy_war, chequers_serial_rivers_marsh,
          minmay_snake_closets, uniq_terence, uniq_natasha
D:4:      layout_basic, temple_hall, hangedman_decor_growths

Skill      XL: |  1  2  3  4  5 |
---------------+----------------+-----
Short Blades   | 2 3 4 |  4.4
Armour         | 3 |  3.9
Fighting       | 4 |  4.3
Shields        | |  2.6

Action                   |  1- 3 |  4- 6 || total
-------------------------+-------+-------++-------
Melee: Rapier            |   151 |   163 ||   314
       Headbutt          |    14 |    22 ||    36
  Use: Scroll            |     7 |     4 ||    11
       Potion            |       |     2 ||     2
  Eat: Chunk             |     2 |     2 ||     4
       Ration            |       |     1 ||     1
Armor: Scale mail        |    32 |       ||    32
       Chain mail        |    89 |    85 ||   174
Dodge: Dodged            |    77 |    55 ||   132

Table legend:
 A = Non-vault XP
 B = Vault XP
 C = Vault XP percentage of total XP
 D = Non-vault monster count
 E = Vault monster count
 F = Vault count percentage of total count
                 A         B        C        D         E       F
            +---------+---------+-------+---------+---------+-------
      Total |     279 |     204 |  42.2 |      69 |      14 |  16.9
            +---------+---------+-------+---------+---------+-------
        D:1 |      34 |       0 |   0.0 |      20 |       0 |   0.0
        D:2 |      62 |       0 |   0.0 |      22 |       0 |   0.0
        D:3 |     118 |     204 |  63.4 |      21 |      14 |  40.0
        D:4 |      65 |       0 |   0.0 |       6 |       0 |   0.0
            +---------+---------+-------+---------+---------+-------
